 Dungeon Crawl Stone Soup version 0.18.1-50-g88ac8fd (webtiles) character file.

1886 spiff the Reanimator (level 8, -2/62 HPs)
             Began as a Demonspawn Necromancer on Sept 15, 2016.
             Was a Believer of Okawaru.
             Slain by a mummy (10 damage)
             ... in an ossuary.
             The game lasted 00:24:27 (7527 turns).

spiff the Reanimator (Demonspawn Necromancer)       Turns: 7527, Time: 00:24:28

Health: -2/62      AC:  3    Str:  8    XL:     8   Next: 92%
Magic:  16/21      EV: 16    Int: 18    God:    Okawaru [**....]
Gold:   276        SH:  0    Dex: 15    Spells: 4 memorised, 2 levels left

rFire  . . .     SeeInvis .     m - +0 dagger (speed)
rCold  . . .     Gourm    .     D - +0 robe (curse)
rNeg   . . .     Faith    .     (no shield)
rPois  .         Spirit   .     (helmet restricted)
rElec  .         Dismiss  .     (no cloak)
rCorr  .         Reflect  .     p - +0 pair of gloves
SustAt .         Harm     .     (no boots)
MR     .....                    (no amulet)
Stlth  ++........               E - ring of loudness (curse)
                                y - ring of magical power

@: heroism, regenerating, not resistant to hostile enchantments, unstealthy
A: horns 1, foul stench 1, powered by pain 1, rot immunity
a: Heroism, Renounce Religion


You were in an ossuary.
You worshipped Okawaru.
Okawaru was pleased with you.
You were near starving.

You visited 2 branches of the dungeon, and saw 8 of its levels.
You also visited: Ossuary.

You collected 276 gold pieces.

Inventory:

Hand Weapons
 d - a +0 short sword
 m - a +0 dagger of speed (weapon)
Armour
 a - a +0 robe
 e - a +0 leather armour
 p - a +0 pair of gloves (worn)
 D - a cursed +0 robe (worn)
Jewellery
 y - a ring of magical power (left hand)
 E - a cursed ring of loudness (right hand)
 I - an uncursed ring of poison resistance {unknown}
Wands
 f - a wand of lightning (5/15)
 x - a wand of polymorph (19/24)
 J - a wand of slowing (34/48)
Scrolls
 g - 7 scrolls of identify
 k - a scroll of recharging
 l - 2 scrolls of random uselessness {unknown}
 n - a scroll of remove curse {unknown}
 u - 2 scrolls of amnesia {unknown}
 w - a scroll of blinking {unknown}
 z - a scroll of teleportation {unknown}
 A - a scroll of fog {unknown}
 B - 3 scrolls of enchant weapon {unknown}
 G - a scroll of holy word {unknown}
Potions
 h - 2 potions of heal wounds {unknown}
 i - 2 potions of curing
 j - a potion of cure mutation {unknown}
 q - 2 potions of lignification
 r - a potion of agility {unknown}
 s - a potion of haste {unknown}
 t - a potion of berserk rage {unknown}
 v - a potion of brilliance {unknown}
Books
 b - a book of Necromancy

   Spells                             Type                      Level
   a - Pain                           Necromancy                   1
   b - Animate Skeleton               Necromancy                   1
   c - Vampiric Draining              Necromancy                   3
   d - Regeneration                   Charms/Necromancy            3
   e - Animate Dead                   Necromancy                   4
   f - Control Undead                 Necromancy                   4
 o - a book of Conjurations

   Spells                             Type                      Level
   a - Magic Dart                     Conjuration                  1
   b - Searing Ray                    Conjuration                  2
   c - Dazzling Spray                 Conjuration/Hexes            3
   d - Fulminant Prism                Conjuration/Hexes            4
   e - Iskenderun's Mystic Blast      Conjuration                  4
   f - Iskenderun's Battlesphere      Conjuration/Charms           5
 C - the Disquisition on Slavery and the Compass
   (You found it on level 5 of the Dungeon)

   Spells                             Type                      Level
   a - Apportation                    Translocation                1
   b - Shroud of Golubria             Charms/Translocation         2
   c - Summon Ice Beast               Ice/Summoning                4
   d - Aura of Abjuration             Summoning                    5
 F - a book of Beasts

   Spells                             Type                      Level
   a - Summon Butterflies             Summoning                    1
   b - Call Canine Familiar           Summoning                    3
   c - Summon Ice Beast               Ice/Summoning                4
   d - Summon Mana Viper              Hexes/Summoning              5
   e - Summon Hydra                   Summoning                    7
Comestibles
 c - 3 bread rations


   Skills:
 - Level 5.3(10.3) Fighting
 - Level 1.7(6.7) Dodging
 - Level 1.7(6.7) Stealth
 + Level 3.1 Spellcasting
 - Level 11.4 Necromancy


You had 2 spell levels left.
You knew the following spells:

 Your Spells              Type           Power        Failure   Level  Hunger
a - Pain                  Necr           ####         1%          1    None
c - Control Undead        Necr           #####.....   1%          4    ####...
q - Vampiric Draining     Necr           #####.....   1%          3    ###....
r - Regeneration          Chrm/Necr      ###.......   6%          3    ###....


Dungeon Overview and Level Annotations

Branches:
Dungeon (7/15)             Temple (1/1) D:5

Altars:
Cheibriados
Dithmenos
Gozag
Kikubaaqudgha
Nemelex Xobeh
Okawaru
Qazlal
Ru
Sif Muna
Trog
Xom
Zin
Lugonu

Shops:
D:5 (

Annotations:
D:3 Grinder Ossuary Menkaure


Innate Abilities, Weirdness & Mutations

You have a pair of small horns on your head.
You may emit foul miasma when damaged in melee.
You sometimes gain a little power by taking damage.
You are immune to rotting.


Message History

Casting: Control Undead
Confirm with . or Enter, or press ? or * to list all spells.
Your skin crawls.
The mummy barely misses you.
You hit Menkaure but do no damage.
Menkaure is severely damaged.
Menkaure hits you!!
* * * LOW HITPOINT WARNING * * *
You gain the combat prowess of a mighty hero.
You are near starving!
The mummy closely misses you. Menkaure hits you.
* * * LOW HITPOINT WARNING * * *
You hit Menkaure but do no damage.
Menkaure is severely damaged.
You hit Menkaure but do no damage.
You headbutt Menkaure, but do no damage.
Menkaure is severely damaged.
You hit Menkaure.
Menkaure is severely damaged.
Menkaure barely misses you. The mummy hits you!
You die...

##..##..####..##..##
##..##..######..##..##
##..##..##....##..##..##
##..##..##..##..##..##..##
##..##..##..####..##..##..##
##..##..##..##!!##..##..##..##
#..##..##..##..!?##..##.^##..##
..##..##..##!..!..##..##..##..##
.##..##..##...∩∩@M.##..##..##..##
##..##..##....?!.M..##..##..##..#
#..##..##.....!?.....##..##..##..
.^##^.##############''##..##..##.
.##............^^......##.^##..##
##########################..##..#
.^........................^..##..
################################^
...............................^.


You could see Menkaure and a mummy.

Vanquished Creatures
  A hill giant (D:7)
  An ice beast (D:5)
  A phantom (D:6)
  2 sky beasts
  4 ogres (D:5)
  A giant frog (D:6)
  A scorpion (D:5)
  A howler monkey (D:6)
  A giant frog zombie (D:5)
  An orc priest (D:6)
  A giant frog skeleton (D:5)
  A jelly (D:5)
  3 worker ants
  An iguana (D:6)
  6 orc wizards
  A mummy (Ossuary)
  8 adders
  An ooze (D:2)
  An adder skeleton (D:6)
  2 worms
  6 giant geckos
  4 orcs
  10 ball pythons
  A giant cockroach (D:3)
  5 goblins
  4 hobgoblins
  5 jackals
  A quokka (D:2)
  8 bats
  4 giant newts
  3 gnoll skeletons (Ossuary)
  2 gnoll zombies (Ossuary)
  A goblin skeleton (Ossuary)
  2 goblin zombies (Ossuary)
  A hobgoblin skeleton (Ossuary)
  A hobgoblin zombie (Ossuary)
  3 kobolds (D:1)
  2 kobold skeletons (Ossuary)
  3 kobold zombies (Ossuary)
  3 orc skeletons (Ossuary)
  2 orc zombies (Ossuary)
  8 rats
  2 rat skeletons (Ossuary)
  A rat zombie (Ossuary)
121 creatures vanquished.

Vanquished Creatures (others)
  A mummy (Ossuary)
  2 gnoll skeletons (Ossuary)
  A gnoll zombie (Ossuary)
  2 goblin skeletons (Ossuary)
  6 goblin zombies (Ossuary)
  2 hobgoblin skeletons (Ossuary)
  A hobgoblin zombie (Ossuary)
  3 kobold skeletons (Ossuary)
  3 kobold zombies (Ossuary)
  An orc skeleton (Ossuary)
  2 orc zombies (Ossuary)
  3 rat skeletons (Ossuary)
  A rat zombie (Ossuary)
28 creatures vanquished.

Grand Total: 149 creatures vanquished

Notes
Turn   | Place    | Note
--------------------------------------------------------------
     0 | D:1      | spiff the Demonspawn Necromancer began the quest for the Orb.
     0 | D:1      | Reached XP level 1. HP: 13/13 MP: 3/3
   581 | D:1      | Gained mutation: You are immune to rotting. [demonic ancestry]
   581 | D:1      | Reached XP level 2. HP: 9/19 MP: 1/5
   584 | D:1      | Reached skill level 5 in Necromancy
  1940 | D:2      | Gained mutation: You may emit foul miasma when damaged in melee. [demonic ancestry]
  1940 | D:2      | Reached XP level 3. HP: 24/24 MP: 5/7
  2070 | D:2      | Learned a level 3 spell: Vampiric Draining
  2074 | D:2      | Learned a level 3 spell: Regeneration
  2665 | D:3      | Reached skill level 1 in Fighting
  2669 | D:3      | Found a sacrificial altar of Ru.
  2673 | D:3      | Reached XP level 4. HP: 28/33 MP: 1/8
  2815 | D:3      | Found a stormy altar of Qazlal.
  2854 | D:3      | Found a sparkling altar of Nemelex Xobeh.
  2927 | D:3      | Noticed Grinder
  3526 | D:4      | Gained mutation: You sometimes gain a little power by taking damage. [demonic ancestry]
  3526 | D:4      | Reached XP level 5. HP: 26/41 MP: 2/9
  3925 | D:5      | Entered Level 5 of the Dungeon
  3925 | D:5      | Noticed an ogre
  3935 | D:5      | Killed an ogre
  4220 | D:5      | Noticed an ice beast
  4305 | D:5      | Noticed an ogre
  4364 | D:5      | Noticed an ogre
  4378 | D:5      | Killed an ogre
  4378 | D:5      | Reached skill level 5 in Fighting
  4378 | D:5      | Reached XP level 6. HP: 17/51 MP: 0/10
  4557 | D:5      | Found a staircase to the Ecumenical Temple.
  4564 | Temple   | Entered the Ecumenical Temple
  4603 | Temple   | Became a worshipper of Warmaster Okawaru
  4841 | D:5      | Noticed a sky beast
  4924 | D:5      | Killed an ice beast
  4924 | D:5      | Reached skill level 6 in Necromancy
  5014 | D:5      | Gained mutation: You have a pair of small horns on your head. [demonic ancestry]
  5014 | D:5      | Reached XP level 7. HP: 24/56 MP: 11/11
  5319 | D:5      | Reached skill level 7 in Necromancy
  5373 | D:5      | Reached * piety under Okawaru
  5419 | D:5      | Found a shadowy altar of Dithmenos.
  5456 | D:5      | Found Iromoes's Antique Weapon Emporium.
  5513 | D:5      | Identified the Disquisition on Slavery and the Compass
  5547 | D:5      | Reached skill level 8 in Necromancy
  6102 | D:6      | Reached XP level 8. HP: 60/62 MP: 12/12
  6202 | D:6      | Reached skill level 9 in Necromancy
  6301 | D:6      | Found an opulent altar of Gozag.
  6637 | D:6      | Learned a level 4 spell: Control Undead
  6943 | D:6      | Reached skill level 10 in Necromancy
  7029 | D:7      | Found a sand-covered staircase.
  7036 | D:7      | Noticed a hill giant
  7058 | D:7      | Killed a hill giant
  7058 | D:7      | Reached ** piety under Okawaru
  7058 | D:7      | Reached skill level 11 in Necromancy
  7061 | Ossuary  | Entered an ossuary
  7482 | Ossuary  | Noticed Menkaure
  7527 | Ossuary  | Slain by a mummy

Skill      XL: |  1  2  3  4  5  6  7  8 |
---------------+-------------------------+-----
Necromancy     | 5 6 8 11 | 11.4
Spellcasting   | 3 |  3.1
Fighting       | 1 3 5 |  5.3
Dodging        | |  1.7
Stealth        | |  1.7

Action                   |  1- 3 |  4- 6 |  7- 9 || total
-------------------------+-------+-------+-------++-------
Melee: Short sword       |    21 |     5 |       ||    26
       Dagger            |       |    53 |   191 ||   244
       Headbutt          |       |       |    43 ||    43
 Cast: Pain              |    56 |    70 |    65 ||   191
       Vampiric Draining |       |     5 |    19 ||    24
       Regeneration      |       |       |     5 ||     5
       Control Undead    |       |       |     2 ||     2
Invok: Heroism           |       |       |     2 ||     2
Evoke: Wand              |       |       |     1 ||     1
  Use: Scroll            |     2 |     6 |     1 ||     9
 Stab: Invisible         |       |     1 |       ||     1
       Sleeping          |       |     1 |       ||     1
       Distracted        |       |     1 |       ||     1
  Eat: Chunk             |     6 |     5 |     6 ||    17
       Beef jerky        |       |     1 |       ||     1
       Bread ration      |       |       |     1 ||     1
Armor: Leather armour    |    10 |    18 |     1 ||    29
       Robe              |       |       |    27 ||    27
Dodge: Dodged            |    15 |    42 |    91 ||   148
